 Dungeon Crawl Stone Soup version 0.26.0-10-g1f06aea511 (webtiles) character file.

Game seed: 13260434872374787888

14473 septik the Cleaver (level 11, -3/102 HPs)
             Began as a Minotaur Berserker on Jan 29, 2021.
             Was a High Priest of Trog.
             Slain by Rupert
             ... wielding a +1 battleaxe of electrocution
              (7 damage)
             ... while paralysed by Rupert
             ... on level 12 of the Dungeon.
             The game lasted 00:18:46 (9869 turns).

septik the Cleaver (Minotaur Berserker)             Turns: 9869, Time: 00:18:47

Health: -3/102     AC: 10    Str: 26    XL:     11   Next: 89%
Magic:  0/3        EV:  2    Int:  4    God:    Trog [*****.]
Gold:   465        SH:  0    Dex: 15    Spells: 10/10 levels left

rFire    . . .     SeeInvis .   I - +1 broad axe (antimagic)
rCold    . . .     Faith    .   (no shield)
rNeg     . . .     Spirit   +   O - +0 troll leather armour
rPois    .         Reflect  .   (helmet restricted)
rElec    .         Harm     .   q - +0 cloak
rCorr    .         Rampage  .   (no gloves)
Will     .....                  s - +2 pair of boots
Stlth    ++........             N - amulet of guardian spirit
HPRegen  0.67/turn              d - +6 ring of dexterity
MPRegen  0.08/turn              y - ring of stealth

@: paralysed, berserk cooldown, slowed
A: retaliatory headbutt, horns 2
a: Renounce Religion, Berserk, Trog's Hand, Brothers in Arms


You were on level 12 of the Dungeon.
You worshipped Trog.
Trog was extremely pleased with you.
You visited 1 branch of the dungeon, and saw 12 of its levels.

You collected 575 gold pieces.
You spent 110 gold pieces at shops.

Inventory:

Hand Weapons
 l - a +0 whip of electrocution
 n - a +2 hand axe of venom
 I - a +1 antimagic broad axe (weapon)
Armour
 q - a +0 cloak (worn)
 s - a +2 pair of boots (worn)
 F - the +4 skin of Zhor {Englaciate rC+++ SInv}
   (You found it on level 5 of the Dungeon)

   It renders you almost immune to cold.
   It lets you see invisible.
 J - a +0 plate armour
 O - a +0 troll leather armour (worn)
 R - +0 acid dragon scales
Jewellery
 d - a +6 ring of dexterity (left hand)
 j - an uncursed ring of fire
 o - an uncursed ring of positive energy
 y - a ring of stealth (right hand)
 K - an uncursed ring of flight
 N - an amulet of guardian spirit (around neck)
Wands
 a - a wand of random effects (27)
 p - a wand of flame (33)
 x - a wand of acid (6)
 L - a wand of digging (6)
 P - a wand of disintegration (8)
Scrolls
 b - 2 scrolls of magic mapping
 c - 3 scrolls of fog {unknown}
 e - a scroll of holy word {unknown}
 f - 3 scrolls of noise {unknown}
 g - 7 scrolls of remove curse
 t - 3 scrolls of fear {unknown}
 w - 2 scrolls of enchant weapon {unknown}
 z - 7 scrolls of identify
 B - 3 scrolls of teleportation
 C - a scroll of blinking
 G - a scroll of enchant armour {unknown}
Potions
 h - 2 potions of mutation {unknown}
 i - 3 potions of magic {unknown}
 k - 4 potions of degeneration
 m - 4 potions of heal wounds
 r - 3 potions of lignification
 u - a potion of ambrosia {unknown}
 v - 2 potions of might
 A - 4 potions of haste {unknown}
 D - a potion of flight {unknown}
 E - a potion of curing {unknown}
 M - a potion of attraction {unknown}


   Skills:
 + Level 11.0 Fighting
 * Level 14.4 Axes
 + Level 10.6 Armour
 + Level 9.8 Dodging


You had 10 spell levels left.
You didn't know any spells.
Your spell library was empty.

Dungeon Overview and Level Annotations

Branches:
Dungeon (12/15)            Temple (0/1) D:7            Lair (0/6) D:11
    Orc: D:9-12

Altars:
Elyvilon
Kikubaaqudgha
Makhleb
Ru
Sif Muna
Trog
Uskayaw
Yredelemnul

Shops:
D:4 =!   D:10 *   D:11 :

Annotations:
D:7 1 runed translucent door
D:12 Rupert


Innate Abilities, Weirdness & Mutations

You reflexively headbutt those who attack you in melee.
You have a pair of horns on your head.


Message History

Rupert is lightly wounded.
Rupert hits you with a +1 battleaxe of electrocution!
You are electrocuted!
You barely miss Rupert.
Rupert is lightly wounded.
Rupert yells loudly at you.
You suddenly lose the ability to move!
Rupert hits you with a +1 battleaxe of electrocution!
Rupert roars madly and goes into a rage!
Rupert goes berserk!
Rupert hits you with a +1 battleaxe of electrocution!
You are no longer berserk.
You feel as though you will be slow longer.
Rupert barely misses you.
Rupert hits you with a +1 battleaxe of electrocution!!
* * * LOW HITPOINT WARNING * * *
Rupert hits you with a +1 battleaxe of electrocution!!
* * * LOW HITPOINT WARNING * * *
Rupert hits you with a +1 battleaxe of electrocution!
You die...

#.# #####.######
#..........#
#....(.....#
#..........#
#.....?....#
#....@.....#
#####....@..<..#
+...#..........#
#............#
###..........#
#..........#
##.######### #.#
#.# #.##


You could see Rupert (berserk).

Vanquished Creatures
  Erica (D:8)
  The ghost of StoneSoupSpirit the Basher, a journeyman DsCK of Xom (D:10)
  2 two-headed ogres
  A centaur warrior (D:11)
  An unseen horror (D:11)
  Pikel (D:5)
  A deep elf mage (D:10)
  A cyclops (D:11)
  An ugly thing (D:10)
  A gargoyle (D:10)
  A troll (D:10)
  Prince Ribbit (D:5)
  A hornet (D:10)
  Sigmund (D:2)
  A meliai zombie (D:7)
  A wraith (D:12)
  A spriggan (D:10)
  11 yaks
  2 acid dragons (D:11)
  A water moccasin (D:6)
  3 orc warriors
  Duvessa (D:5)
  4 sky beasts
  5 ice beasts
  8 ogres
  3 black bears
  3 phantoms
  6 centaurs
  3 lemures (D:5)
  4 bullfrogs
  Dowan (D:5)
  A scorpion (D:7)
  6 killer bees
  13 wights
  7 howler monkeys
  4 jellies
  A bullfrog zombie (D:7)
  5 hounds
  5 orc priests
  Crazy Yiuf (D:2)
  3 bullfrog skeletons
  13 orc wizards
  2 iguanas
  8 worker ants
  A hound skeleton (D:4)
  A howler monkey zombie (D:7)
  A worker ant zombie (D:9)
  9 adders
  A shadow imp (D:9)
  3 white imps
  2 ufetubi (D:9)
  An ooze (D:3)
  An adder zombie (D:8)
  2 worms (D:4)
  4 dart slugs
  3 leopard geckos
  51 orcs
  6 bats
  7 giant cockroaches
  7 goblins
  7 hobgoblins
  15 jackals
  3 quokkas
  2 ball pythons (D:1)
  4 frilled lizards
  A jackal skeleton (D:7)
  7 kobolds
  2 leopard gecko zombies (D:8)
  A quokka zombie (D:5)
  7 rats
291 creatures vanquished.

Vanquished Creatures (others)
  2 fungi (D:10)
  4 plants (D:10)
6 creatures vanquished.

Grand Total: 297 creatures vanquished

Notes
Turn   | Place    | Note
-------+----------+-------------------------------------------
     0 | D:1      | septik the Minotaur Berserker began the quest for the Orb.
     0 | D:1      | Reached XP level 1. HP: 19/19 MP: 0/0
   355 | D:1      | Reached XP level 2. HP: 26/27 MP: 1/1
   408 | D:1      | Reached skill level 4 in Axes
   744 | D:1      | Reached ** piety under Trog
   995 | D:2      | Reached XP level 3. HP: 33/33 MP: 2/2
  1212 | D:2      | Noticed Sigmund
  1229 | D:2      | Killed Sigmund
  1230 | D:2      | Reached skill level 5 in Axes
  1230 | D:2      | Reached XP level 4. HP: 24/41 MP: 3/3
  1230 | D:2      | Reached XP level 5. HP: 28/47 MP: 4/4
  1607 | D:2      | Found a runed translucent door.
  1608 | D:2      | Noticed Crazy Yiuf
  1635 | D:2      | Killed Crazy Yiuf
  1678 | D:3      | Reached XP level 6. HP: 55/55 MP: 5/5
  1729 | D:3      | Reached skill level 6 in Axes
  1731 | D:3      | Reached skill level 5 in Fighting
  1806 | D:3      | Reached *** piety under Trog
  2976 | D:4      | Reached XP level 7. HP: 61/61 MP: 6/6
  3007 | D:4      | Reached skill level 7 in Axes
  3038 | D:4      | Reached **** piety under Trog
  3089 | D:4      | Reached skill level 5 in Armour
  3259 | D:4      | Found Sex Qeguxzu's Distillery.
  3267 | D:4      | Bought a potion of degeneration for 11 gold pieces
  3267 | D:4      | Bought a potion of heal wounds for 55 gold pieces
  3267 | D:4      | Bought a potion of might for 44 gold pieces
  3299 | D:4      | Found a hide-covered altar of Uskayaw.
  3408 | D:4      | Found Ynic's Jewellery Boutique.
  3594 | D:5      | Entered Level 5 of the Dungeon
  3821 | D:5      | Noticed Prince Ribbit
  3828 | D:5      | Noticed Pikel
  3843 | D:5      | Reached XP level 8. HP: 70/70 MP: 7/7
  3849 | D:5      | Killed Pikel
  3850 | D:5      | Reached skill level 8 in Axes
  3850 | D:5      | Reached skill level 5 in Dodging
  3857 | D:5      | Killed Prince Ribbit
  3858 | D:5      | Reached skill level 9 in Axes
  3868 | D:5      | Found a white marble altar of Elyvilon.
  4034 | D:5      | Noticed Dowan
  4044 | D:5      | Killed Dowan
  4045 | D:5      | Noticed Duvessa
  4057 | D:5      | Killed Duvessa
  4227 | D:5      | Found the +4 skin of Zhor {Englaciate rC+++ SInv}
  4418 | D:6      | Reached XP level 9. HP: 74/79 MP: 8/8
  4749 | D:6      | Found a shimmering blue altar of Sif Muna.
  4759 | D:6      | Found a bloodstained altar of Trog.
  4808 | D:6      | Reached skill level 10 in Axes
  5273 | D:6      | Reached ***** piety under Trog
  5673 | D:7      | Found an ancient bone altar of Kikubaaqudgha.
  5788 | D:7      | Found a runed translucent door.
  5793 | D:7      | Found a basalt altar of Yredelemnul.
  5823 | D:7      | Reached skill level 11 in Axes
  5841 | D:7      | Found a staircase to the Ecumenical Temple.
  6115 | D:7      | Reached XP level 10. HP: 88/90 MP: 9/9
  6457 | D:8      | Found a burning altar of Makhleb.
  6513 | D:8      | Found a sacrificial altar of Ru.
  6567 | D:8      | Noticed Erica
  6590 | D:8      | Killed Erica
  7158 | D:9      | Received a gift from Trog
  7254 | D:9      | Reached skill level 12 in Axes
  7266 | D:9      | Noticed a two-headed ogre
  7274 | D:9      | Killed a two-headed ogre
  7715 | D:10     | Entered Level 10 of the Dungeon
  7715 | D:10     | Noticed a deep elf mage
  7726 | D:10     | Killed a deep elf mage
  7854 | D:10     | Noticed a purple ugly thing
  7859 | D:10     | Killed a purple ugly thing
  7978 | D:10     | Found a runed translucent door.
  7979 | D:10     | Noticed StoneSoupSpirit's ghost (journeyman DsCK)
  7979 | D:10     | Identified the cursed +1 spear "Kicsy" {vorpal, rC+ SInv
                  | Stlth+}
  8184 | D:10     | Reached XP level 11. HP: 95/99 MP: 3/10
  8210 | D:10     | Found Fetoeffi's General Store.
  8264 | D:10     | Reached skill level 13 in Axes
  8354 | D:10     | Reached skill level 10 in Fighting
  8815 | D:10     | Killed StoneSoupSpirit's ghost
  8871 | D:11     | Noticed a centaur warrior
  8881 | D:11     | Killed a centaur warrior
  8882 | D:11     | Reached skill level 10 in Armour
  8933 | D:11     | Noticed a two-headed ogre
  8945 | D:11     | Killed a two-headed ogre
  9247 | D:11     | Found a staircase to the Lair.
  9348 | D:11     | Reached skill level 14 in Axes
  9414 | D:11     | Killed an unseen horror
  9575 | D:11     | Found Bylokh's Book Boutique.
  9852 | D:12     | Noticed Rupert
  9862 | D:12     | Paralysed by Rupert for 7 turns
  9868 | D:12     | HP: 4/102 [Rupert/+1 battleaxe of electrocution (27)]
  9869 | D:12     | Slain by Rupert

Illustrated notes

Levels and vault maps discovered:
D:1:      amcnicky_arrival_choice, layout_basic
D:2:      layout_rooms, hex_medium, uniq_crazy_yiuf_cottage, uniq_sigmund
D:3:      layout_basic, serial_aquarium, aquarium_bridge_island_large
          [aquarium_subvault_large_1_pool, aquarium_subvault_bridge,
          aquarium_subvault_bridge, aquarium_subvault_wall,
          aquarium_subvault_bridge], aquarium_bridge_square
          [aquarium_subvault_bridge, aquarium_subvault_wall,
          aquarium_subvault_bridge, aquarium_subvault_wall], aquarium_window_3,
          aquarium_window_1, aquarium_window_fake, aquarium_window_fake,
          aquarium_view_2b, aquarium_view_2a
D:4:      layout_rooms, lemuel_crystal_altar, serial_shops, shop, shop
D:5:      layout_rooms, elyvilon_altar_5, uniq_duvessa, uniq_pikel,
          uniq_prince_ribbit1
D:6:      layout_cave_pods, nzn_overflow_gifts_of_might_and_magic,
          kennysheep_small_square
D:7:      layout_rooms, kiku_gazebo_pond_becter, minmay_temple_entry_junction_2,
          dk_yredelemnul_ordeal
D:8:      layout_rooms, nicolae_ru_awakened_eye, nicolae_overflow_hidden_temple,
          minmay_holes, uniq_erica
D:9:      layout_rooms
D:10:     layout_stronghold, serial_shops, nicolae_shop_waterfront,
          serial_glass, glass_columns_a, glass_columns_c, glass_columns_a,
          glass_columns_b, glass_columns_b, glass_columns_b, glass_columns_b,
          glass_columns_a, glass_columns_a, glass_columns_a, glass_columns_b,
          glass_columns_c, glass_columns_c, glass_columns_a,
          ebering_ghost_funeral_grove, chequers_avenue
D:11:     layout_loops_cross, lair_entry_dummy, serial_shops, shop
D:12:     layout_roguey, david_orc_2, serial_shops, bzr_entry_safe,
          enter_bailey_5, uniq_rupert

Skill      XL: |  1  2  3  4  5  6  7  8  9 10 11 |
---------------+----------------------------------+-----
Axes           | 4 5 6 7 9 11 12 14 | 14.4
Fighting       | 4 5 6 7 8 9 11 | 11.0
Armour         | 3 4 5 6 8 9 10 | 10.6
Dodging        | 3 4 6 7 8 9 |  9.8

Action                   |  1- 3 |  4- 6 |  7- 9 | 10-12 || total
-------------------------+-------+-------+-------+-------++-------
Melee: Hand axe          |    57 |       |       |       ||    57
       Headbutt          |    17 |    18 |    57 |    85 ||   177
       Whip              |    40 |   109 |   308 |    79 ||   536
       Broad axe         |       |       |       |   271 ||   271
Invok: Berserk           |     1 |     1 |     4 |     9 ||    15
  Use: Scroll            |       |     5 |       |     1 ||     6
Armor: Chain mail        |    73 |    53 |   135 |    97 ||   358
       Plate armour      |       |       |       |    46 ||    46
       Troll leather arm |       |       |       |    35 ||    35
Dodge: Dodged            |    45 |    54 |   138 |   222 ||   459
